 Dungeon Crawl Stone Soup version 0.27.0-1-g7a089689b8 (webtiles) character file.

Game seed: 9848080747935193023

205 Anothat the Shield-Bearer (level 6, -2/50 HPs)
             Began as a Formicid Fighter on Aug 14, 2021.
             Slain by a scorpion (7 damage)
             ... on level 6 of the Dungeon.
             The game lasted 00:03:25 (2085 turns).

Anothat the Shield-Bearer (Formicid Fighter)        Turns: 2085, Time: 00:03:25

Health: -2/50      AC:  6    Str: 23    XL:     6   Next: 10%
Magic:  6/6        EV:  8    Int:  7    God:
Gold:   77         SH: 10    Dex: 10    Spells: 5/5 levels left

rFire    + . .     SeeInvis +   a - +0 war axe
rCold    + . .     Faith    .   c - +0 kite shield
rNeg     . . .     Spirit   .   b - +0 scale mail
rPois    +         Reflect  .   (helmet unavailable)
rElec    +         Harm     .   (no cloak)
rCorr    +         Rampage  .   (no gloves)
Will     .....                  (no boots)
Stlth    ..........             (no amulet)
HPRegen  0.16/turn              p - ring of poison resistance
MPRegen  0.10/turn              (no ring)

@: mighty, lethally poisoned (-2 -> -4), resistant
A: permanent stasis, dig shafts and tunnels, antennae 3, four strong arms
a: Dig, Shaft Self


You were on level 6 of the Dungeon.
You visited 1 branch of the dungeon, and saw 4 of its levels.

You collected 77 gold pieces.

Inventory:

Hand Weapons
 a - a +0 war axe (weapon)
Missiles
 t - a throwing net
Armour
 b - a +0 scale mail (worn)
 c - a +0 kite shield (worn)
Jewellery
 p - a ring of poison resistance (left hand)
Scrolls
 f - a scroll of holy word {unknown}
 k - 3 scrolls of torment {unknown}
 l - a scroll of fog {unknown}
 m - 4 scrolls of identify {unknown}
 n - a scroll of noise {unknown}
 q - 2 scrolls of immolation {unknown}
 r - a scroll of teleportation {unknown}
 s - a scroll of vulnerability {unknown}
Potions
 d - a potion of might
 e - a potion of resistance
 g - 2 potions of heal wounds {unknown}
 h - a potion of curing {unknown}
 i - a potion of berserk rage {unknown}
 j - 2 potions of flight {unknown}
 o - a potion of lignification {unknown}


   Skills:
 + Level 4.8 Fighting
 + Level 3.6 Axes
 - Level 3.2 Armour
 + Level 5.2 Shields


You had 5 spell levels left.
You didn't know any spells.
Your spell library contained the following spells:

 Spells                   Type           Power      Damage    Failure   Level
 Magic Dart               Conj           0%         1d3       95%         1
 Pain                     Necr           0%         1d4       95%         1
 Searing Ray              Conj           0%         3d3       98%         2
 Fulminant Prism          Conj/Hex       0%         3d6       100%        4
 Agony                    Necr           0%         N/A       100%        5
 Excruciating Wounds      Necr           0%         N/A       100%        5


Dungeon Overview and Level Annotations

Branches:
Dungeon (3/15)

Altars:
Fedhas


Innate Abilities, Weirdness & Mutations

You cannot be hasted, slowed, berserked, paralysed or teleported.
You can dig through walls and to a lower floor.
You have a pair of large antennae on your head. (SInv)
Your four strong arms can wield two-handed weapons with a shield.


Message History

The white imp gestures at you. The puff of frost hits you!
You closely miss the scorpion. You barely miss the killer bee zombie.
The killer bee zombie barely misses you.
The scorpion stings you.
You are poisoned.
The scorpion poisons you!
The killer bee zombie hits you but does no damage.
The scorpion stings you.
You block the killer bee zombie's attack.
You feel very mighty all of a sudden.
You feel sick.
You block the killer bee zombie's attack.
You block the scorpion's attack.
You slash the scorpion!
The scorpion is almost dead.
You slash the killer bee zombie!
You feel very sick.
The killer bee zombie barely misses you.
You block the scorpion's attack. The killer bee zombie hits you.
You block the scorpion's attack.
The killer bee zombie barely misses you.
You hit the scorpion.
The scorpion is almost dead.
You hit the killer bee zombie. You slash the white imp!
You kill the white imp!
You feel sick. The killer bee zombie hits you.
* * * LOW HITPOINT WARNING * * *
The scorpion stings you.
* * * LOW HITPOINT WARNING * * *
The killer bee zombie barely misses you.
The scorpion stings you.
* * * LOW HITPOINT WARNING * * *
The killer bee zombie hits you but does no damage.
It was a potion of resistance.
You feel protected.
You feel sick.
You block the killer bee zombie's attack.
The scorpion stings you!
You die...

###### ###......
###........ #.......PPP
#....PPP... #..PPPP....
####### #..P....PPP
#.....######......PPPP
#...s@.........PPPP...
#....Z..........PP..._.
#......................
........##.....##.......
.#.........#..###.......
.........####..##.......
......... ##..#.......
...#####.. #.....#.##
###......#


You could see a scorpion and a killer bee zombie.

Vanquished Creatures
  A sky beast (D:6)
  4 adders
  A white imp (D:6)
  3 worms
  3 dart slugs
  5 ball pythons
  2 endoplasms (D:1)
  A giant cockroach (D:1)
  4 goblins
  3 hobgoblins
  8 jackals
  7 kobolds
  A quokka (D:2)
  5 bats
  3 frilled lizards
  7 rats
58 creatures vanquished.

Vanquished Creatures (others)
  4 plants (D:6)
4 creatures vanquished.

Grand Total: 62 creatures vanquished

Notes
Turn   | Place    | Note
-------+----------+-------------------------------------------
     0 | D:1      | Anothat the Formicid Fighter began the quest for the Orb.
     0 | D:1      | Reached XP level 1. HP: 18/18 MP: 1/1
   128 | D:1      | Reached XP level 2. HP: 22/24 MP: 2/2
   332 | D:1      | Reached skill level 4 in Shields
   351 | D:1      | Reached XP level 3. HP: 28/30 MP: 3/3
  1337 | D:2      | Reached XP level 4. HP: 36/37 MP: 4/4
  1910 | D:3      | Reached XP level 5. HP: 41/42 MP: 5/5
  1981 | D:3      | You fall into a shaft and drop 3 floors!
  1985 | D:6      | Found a blossoming altar of Fedhas.
  1987 | D:6      | Noticed a sky beast
  2002 | D:6      | Killed a sky beast
  2003 | D:6      | Reached skill level 5 in Shields
  2003 | D:6      | Reached XP level 6. HP: 42/49 MP: 6/6
  2085 | D:6      | Slain by a scorpion

Illustrated notes

Levels and vault maps discovered:
D:1:      dpeg_arrival_leaves_temple_mockup, layout_basic,
          minmay_small_reverse_x
D:2:      layout_basic
D:3:      layout_basic, bloody_trog, dreamdust_ecumenical_altar_sealed_demon,
          small_statue_intersection
D:6:      lemuel_ice_spiral_2, layout_rooms, general_overflow_altar,
          mainiacjoe_overflow_catch_the_wave, nicolae_ossuary_entry_plus

Skill      XL: |  1  2  3  4  5 |
---------------+----------------+-----
Shields        | 4 5 |  5.2
Fighting       | 4 |  4.8
Axes           | 3 |  3.6
Armour         | |  3.2

Action                   |  1- 3 |  4- 6 || total
-------------------------+-------+-------++-------
Melee: War axe           |   105 |    81 ||   186
  Use: Potion            |       |     2 ||     2
Armor: Scale mail        |    49 |    36 ||    85
Dodge: Dodged            |    35 |    31 ||    66
Block: Kite shield       |    70 |    59 ||   129
